 Dungeon Crawl Stone Soup version 0.29-a0-993-g4a18f31a58 (webtiles) character file.

Game seed: 10872810326838304909

1844 concernfroge the Fighter (level 8, 0/72 HPs)
             Began as a Mummy Monk on Aug 3, 2022.
             Was a Believer of Cheibriados.
             Engulfed by a steam dragon's steam (14 damage)
             ... on level 7 of the Dungeon.
             The game lasted 00:19:44 (6546 turns).

concernfroge the Fighter (Mummy Monk)               Turns: 6546, Time: 00:19:45

Health: 0/72       AC:  9    Str: 22    XL:     8   Next: 88%
Magic:  12/12      EV:  9    Int: 15    God:    Cheibriados [**....]
Gold:   224        SH:  0    Dex: 21    Spells: 7/7 levels left

rFire   x . .      SeeInvis .   g - +0 halberd
rCold   + . .      Faith    .   (shield currently unavailable)
rNeg    + + +      Spirit   .   i - +0 chain mail
rPois   ∞          Reflect  .   (no helmet)
rElec   .          Harm     .   (no cloak)
rCorr   .          Rampage  .   e - +0 pair of gloves
Will    +....                   (no boots)
Stlth   ..........              (no amulet)
HPRegen 0.22/turn               (no ring)
MPRegen 0.13/turn               (no ring)

@: very slow
A: cold resistance 1, negative energy resistance 3, torment resistance 2, heat
vulnerability 1, in touch with death 1, no potions
a: Renounce Religion, Bend Time


You were on level 7 of the Dungeon.
You worshipped Cheibriados.
Cheibriados was pleased with you.
You visited 2 branches of the dungeon, and saw 8 of its levels.

You collected 269 gold pieces.
You spent 45 gold pieces at shops.

Inventory:

Hand Weapons
 g - a +0 halberd (weapon)
 h - a +0 shortbow
 k - a +0 trident
Armour
 e - a +0 pair of gloves (worn)
 i - a +0 chain mail (worn)
Wands
 d - a wand of flame (14)
Scrolls
 b - a scroll of identify
 c - a scroll of enchant weapon
 f - a scroll of magic mapping


   Skills:
 - Level 10.0 Fighting
 - Level 2.4 Polearms
 - Level 2.4 Dodging
 - Level 1.5 Stealth
 + Level 5.9 Invocations


You had 7 spell levels left.
You didn't know any spells.
Your spell library contained the following spells:

 Spells                   Type           Power      Damage    Failure   Level
 Magic Dart               Conj           0%         1d3       95%         1
 Necrotise                Necr           0%         1d4       95%         1
 Call Imp                 Summ           0%         N/A       99%         2
 Ensorcelled Hibernation  Hex/Ice        0%         N/A       99%         2
 Poisonous Vapours        Pois/Air       0%         N/A       99%         2
 Call Canine Familiar     Summ           0%         N/A       100%        3
 Mephitic Cloud           Conj/Pois/Air  0%         N/A       100%        3
 Portal Projectile        Hex/Tloc       0%         N/A       100%        3
 Vampiric Draining        Necr           0%         2d6       100%        3
 Anguish                  Hex/Necr       0%         N/A       100%        4
 Corpse Rot               Necr/Pois/Air  0%         N/A       100%        4
 Leda's Liquefaction      Hex/Erth       0%         N/A       100%        4
 Petrify                  Tmut/Erth      0%         N/A       100%        4
 Agony                    Necr           0%         N/A       100%        5
 Irradiate                Conj/Tmut      0%         3d11      100%        5
 Sublimation of Blood     Necr           Unusable   N/A       N/A         2
 Spider Form              Tmut/Pois      Unusable   N/A       N/A         3

Dungeon Overview and Level Annotations

Branches:
Dungeon (7/15)             Temple (1/1) D:5

Altars:
Ashenzari
Cheibriados
Dithmenos
Fedhas
Gozag
Hepliaklqana
Kikubaaqudgha
Makhleb
Nemelex Xobeh
Qazlal
Ru
Sif Muna
Trog
Uskayaw
Vehumet
Xom
Yredelemnul

Shops:
D:1 :   D:2 [

Annotations:
D:3 Grinder
D:5 Sigmund
D:6 Eustachio


Innate Abilities, Weirdness & Mutations

You are immune to poison.
Your flesh is cold resistant. (rC+)
You are immune to negative energy. (rN+++)
You are immune to unholy pain and torment.
You are vulnerable to heat. (rF-)
You are in touch with the powers of death.
You do not drink.


Message History

The poisoned dart barely misses the steam dragon.
You throw a poisoned dart.
The poisoned dart hits the steam dragon.
The steam dragon is lightly wounded.
The steam dragon looks more healthy.
Okay, then.
Reach: g) +0 halberd
Press: ? - help, Dir - move target, f/p - steam dragon
Aim: a steam dragon (moderately wounded, about 37% to evade your +0 halberd)
You reach to attack!
You hit the steam dragon but do no damage.
The steam dragon is moderately wounded.
The steam dragon bites you but does no damage.
The steam dragon claws you but does no damage.
You puncture the steam dragon!
The steam dragon is heavily wounded.
An orc comes into view. It is wielding a +0 dagger.
The steam dragon bites you. The steam dragon closely misses you.
A wight comes into view. It is wielding a +2 flail.
Throw: throwing net
Press: ? - help, Q - select action, (/) - cycle Shift-Dir - straight line, f/p - steam dragon
Aim: a steam dragon (heavily wounded, 67% to hit)
You throw a throwing net. The throwing net hits the steam dragon.
The steam dragon is caught in the net!
The steam dragon is heavily wounded.
The orc shouts!
The steam dragon struggles against the net.
You catch the helpless steam dragon completely off-guard!
You slash the steam dragon!
The steam dragon is severely wounded.
The steam dragon breathes steam at you. The ball of steam hits you!!!
The steam scalds you terribly!
Ouch! That really hurt!
* * * LOW HITPOINT WARNING * * *
The steam dragon struggles against the net.
You catch the helpless steam dragon completely off-guard!
You hit the steam dragon.
The steam dragon is almost dead.
You are engulfed in a cloud of scalding steam.
You die...

...........# ..... ..#...#.....
(((. ..##..#..... ## #...####.
..###.# ..#.####........ .##.....
.....#........ ....##..
...§.o....# ........ # #........#
........ #.###z......# ........
#####§§@D......##.
.........#.#...............
..####.........####........
..#.## ........#.#.........
.....# ....................
....##............###......
................###.##...#......
....##................^........##
....## #.........##...##........#


You could see a steam dragon (caught, catching breath), a wight and an orc.

Vanquished Creatures
  2 water moccasins
  An ice beast (D:6)
  2 ogres
  2 sky beasts
  A centaur (D:7)
  A phantom (D:5)
  2 bullfrogs
  A necrophage (D:7)
  4 scorpions
  A wight (D:7)
  2 howler monkeys
  2 jellies
  2 hounds
  Ijyb (D:5)
  3 iguanas
  5 adders
  8 gnolls (D:5)
  2 white imps
  2 ufetubi (D:5)
  A worm (D:3)
  15 orcs
  6 endoplasms
  2 giant cockroaches
  7 goblins
  6 hobgoblins
  2 jackals (D:2)
  3 quokkas
  2 ball pythons (D:4)
  6 bats
  2 kobolds
  2 rats (D:1)
98 creatures vanquished.

Vanquished Creatures (collateral kills)
  An orc priest (D:5)
  An orc wizard (D:5)
  2 orcs (D:5)
4 creatures vanquished.

Vanquished Creatures (others)
  7 plants (D:6)
7 creatures vanquished.

Grand Total: 109 creatures vanquished

Notes
Turn   | Place    | Note
-------+----------+-------------------------------------------
     0 | D:1      | concernfroge the Mummy Monk began the quest for the Orb.
     0 | D:1      | Reached XP level 1. HP: 18/18 MP: 1/1
   210 | D:1      | You fall into a shaft and drop 1 floor!
   360 | D:1      | Reached XP level 2. HP: 23/24 MP: 2/2
   370 | D:1      | Found a faded altar of an unknown god.
   640 | D:1      | Found Jipluep's Book Emporium.
   724 | D:1      | Reached skill level 4 in Fighting
  1069 | D:2      | Gained mutation: You are in touch with the powers of death.
                  | [Mummy growth]
  1069 | D:2      | Reached XP level 3. HP: 24/30 MP: 3/3
  1131 | D:2      | Found Oggah's Armour Shoppe.
  1134 | D:2      | Bought a +0 chain mail for 45 gold pieces
  1162 | D:2      | Found a sparkling altar of Nemelex Xobeh.
  1759 | D:3      | Noticed Grinder
  1849 | D:4      | Noticed a scorpion
  1889 | D:4      | Killed a scorpion
  1890 | D:4      | Reached skill level 5 in Fighting
  1890 | D:4      | Reached XP level 4. HP: 18/39 MP: 4/4
  2114 | D:4      | Reached XP level 5. HP: 45/46 MP: 5/5
  2287 | D:4      | Reached skill level 6 in Fighting
  3086 | D:5      | Entered Level 5 of the Dungeon
  3098 | D:5      | Noticed an ogre
  3119 | D:5      | Reached XP level 6. HP: 25/53 MP: 6/6
  3331 | D:5      | Reached skill level 7 in Fighting
  3754 | D:5      | Reached skill level 8 in Fighting
  3754 | D:5      | Reached XP level 7. HP: 61/62 MP: 7/7
  4025 | D:5      | Noticed Ijyb
  4049 | D:5      | Paralysed by Ijyb for 2 turns
  4053 | D:5      | Killed Ijyb
  4176 | D:5      | Found a staircase to the Ecumenical Temple.
  4190 | Temple   | Entered the Ecumenical Temple
  4428 | Temple   | Became a worshipper of Cheibriados the Contemplative
  4428 | Temple   | Reached * piety under Cheibriados
  4428 | Temple   | Reached ** piety under Cheibriados
  4552 | D:5      | Reached skill level 1 in Invocations
  4846 | D:5      | Noticed Sigmund
  5316 | D:6      | Reached skill level 9 in Fighting
  5380 | D:6      | Reached XP level 8. HP: 53/71 MP: 8/10
  5564 | D:6      | Found a blossoming altar of Fedhas.
  5680 | D:6      | Noticed Eustachio
  6087 | D:7      | Reached skill level 10 in Fighting
  6187 | D:7      | Reached skill level 5 in Invocations
  6546 | D:7      | Engulfed by a steam dragon's steam

Illustrated notes

Levels and vault maps discovered:
D:1:      wander_arrival_peaceful_grave, layout_rooms, basic_ecumenical_altar,
          serial_shops, shop, dk_noncrumbling_4
D:2:      layout_rooms, serial_curves, eino_curves_01, eino_curves_01,
          basic_altar, serial_shops, nicolae_shop_behind_doors
D:3:      layout_basic, uniq_grinder
D:4:      layout_loops_ring, grunt_ministairs_11
D:5:      layout_basic, temple_fountains, uniq_sigmund, uniq_ijyb
D:6:      layout_rooms, fedhas_ov_isle_minmay, uniq_eustachio
D:7:      layout_cave_pools, uniq_prince_ribbit1
Temple:   mainiacjoe_temple_bowtie_tessellation

Skill      XL: |  1  2  3  4  5  6  7  8 |
---------------+-------------------------+-----
Fighting       | 4 5 6 8 9 10 | 10.0
Invocations    | 2 5 |  5.9
Polearms       | |  2.4
Dodging        | |  2.4
Stealth        | |  1.5

Action                   |  1- 3 |  4- 6 |  7- 9 || total
-------------------------+-------+-------+-------++-------
Melee: Spear             |   197 |    15 |       ||   212
       Trident           |       |   122 |    56 ||   178
       Punch             |       |     1 |     1 ||     2
       Halberd           |       |       |   135 ||   135
Throw: Dart              |       |       |    11 ||    11
       Throwing net      |       |       |     1 ||     1
Evoke: Wand              |     2 |     3 |    11 ||    16
  Use: Scroll            |     1 |     6 |     8 ||    15
 Stab: Sleeping          |     2 |       |       ||     2
       Paralysed         |    11 |     5 |     1 ||    17
       Held in net/web   |       |       |     2 ||     2
Armor: Robe              |    13 |       |       ||    13
       Leather armour    |     2 |       |       ||     2
       Chain mail        |    43 |    74 |   126 ||   243
Dodge: Dodged            |    72 |    51 |    98 ||   221

Table legend: (Time is in decaauts)
 A = Elapsed time spent in this place.
 B = Non-inter-level travel time spent in this place.
 C = Inter-level travel time spent in this place.
 D = Time resting spent in this place.
 E = Time spent auto-exploring this place.
 F = Levels seen in this place.
 G = Mean time per level.
                   A        B        C        D        E       F      G
               +--------+--------+--------+--------+--------+-----+--------+
         Total |   6913 |   6623 |    290 |    454 |   5065 |   8 |  864.1 |
       Dungeon |   6662 |   6420 |    242 |    454 |   4875 |   7 |  951.7 |
        Temple |    251 |    203 |     48 |      0 |    190 |   1 |  251.0 |
               +--------+--------+--------+--------+--------+-----+--------+

Top non-repeatable levels by time:
     D:4: 1481 daAuts
     D:5: 1472 daAuts
     D:6: 974 daAuts
     D:7: 960 daAuts
     D:1: 926 daAuts
     D:2: 664 daAuts
  Temple: 251 daAuts
     D:3: 180 daAuts
